 Dungeon Crawl Stone Soup version 0.14.2 (webtiles) character file.

26 Amnesiac the Charlatan (level 2, -2/14 HPs)
             Began as a Spriggan Artificer on Feb 10, 2018.
             Slain by an adder (4 damage)
             ... on Level 4 of the Dungeon.
             The game lasted 00:01:17 (470 turns).

Amnesiac the Charlatan (Spriggan Artificer)          Turns: 470, Time: 00:01:17

HP  -2/14        AC  2     Str  7      XL: 2   Next: 31%
MP   5/5         EV 18     Int 13      God:
Gold 12          SH  0     Dex 16      Spells:  0 memorised,  1 level left

rFire  . . .     SeeInvis +     a - +0 short sword
rCold  . . .     Clarity  .     e - +0 robe
rNeg   . . .     Conserve .     (shield restricted)
rPois  .         rCorr    .     (helmet restricted)
rElec  .         rRot     .     (no cloak)
SustAb . .       Spirit   .     (gloves unavailable)
rMut   .         Warding  .     (boots unavailable)
Saprov . . .     Stasis   .     (no amulet)
MR     .....                    (no ring)
                                (no ring)

@: lethally poisoned, very quick, not resistant to hostile enchantments, fairly
stealthy
A: unfitting armour, see invisible, herbivore 3, speed 3, slow metabolism 2
a: no special abilities


You were on level 4 of the Dungeon.
You were not hungry.

You visited 1 branch of the dungeon, and saw 4 of its levels.

You collected 12 gold pieces.

Inventory:

Hand weapons
 a - a +0,+0 short sword (weapon)
Missiles
 j - 13 poisoned needles
Armour
 e - a +0 robe (worn)
Magical devices
 b - a wand of flame (15)
 c - a wand of enslavement (15)
 d - a wand of random effects (12)
Scrolls
 h - 2 scrolls of identify {!r, unknown}
 l - a scroll of amnesia {!r, unknown}
Potions
 f - a potion of porridge {!q}
 i - a potion of paralysis {!q, unknown}
 k - a potion of curing {!q, unknown}


   Skills:
 - Level 1.0 Fighting
 - Level 1.1 Short Blades
 + Level 3.4 Dodging
 - Level 1.5 Stealth
 * Level 4.8 Evocations


You had one spell level left.
You didn't know any spells.

Dungeon Overview and Level Annotations

Branches:
Dungeon (4/15)
 Temple: D:4-7

Altars:

Shops:
D:4 =


Innate Abilities, Weirdness & Mutations

You are tiny and cannot use many weapons and most armour.
You have supernaturally acute eyesight.
You are a herbivore.
You cover ground extremely quickly.
You need consume almost no food.


Message History

The bat closely misses you. The bat hits you. The goblin misses you.
You hit the goblin.
You kill the goblin!
The bat completely misses you. The bat barely misses you. The bat hits you.
* * * LOW HITPOINT WARNING * * *
You hit the bat but do no damage. The bat hits you but does no damage.
You miss the bat. The bat misses you. The bat hits you but does no damage.
You hit the bat.
You kill the bat!
No target in view!
No target in view!
There is a stone staircase leading down here.
You start resting.
You start resting.
HP restored.
You climb downwards.
Found Tomopo's Jewellery Boutique.
There is a stone staircase leading up here.
There is a dry fountain here.
An adder comes into view.
There is an entrance to Tomopo's Jewellery Boutique here.
An adder is nearby!
Unknown command.
You miss the adder. The adder barely misses you.
You hit the adder.
The adder is moderately wounded.
The adder barely misses you.
You barely miss the adder.
The adder is moderately wounded.
The adder closely misses you. The adder barely misses you.
You hit the adder but do no damage.
The adder is moderately wounded.
The adder misses you.
You hit the adder but do no damage.
The adder is moderately wounded.
The adder closely misses you. The adder bites you.
You hit the adder.
The adder is heavily wounded.
The adder misses you.
You barely miss the adder.
The adder is heavily wounded.
The adder misses you.
You barely miss the adder.
The adder is heavily wounded.
The adder barely misses you. The adder bites you but does no damage.
You miss the adder.
The adder is heavily wounded.
The adder bites you.
* * * LOW HITPOINT WARNING * * *
You are lethally poisoned!
The adder poisons you!
You barely miss the adder.
The adder is heavily wounded.
* * * LOW HITPOINT WARNING * * *
You feel sick. The adder bites you.
* * * LOW HITPOINT WARNING * * *
The adder barely misses you.
Drink which item? (? for menu, Esc to quit)
Really quaff
g - a viscous white potion {!q}?
You feel refreshed.
It was a potion of restore abilities {!q}.
The adder bites you.
You die...

#+# #.# ##### #.#
#...# .# #.#
#S#.#..#
#.#########@.....#
#......8.8.8..##....
#.#####.⌠.⌠.###.##
#......8.∩.8.....#
#<#####.⌠.⌠.###...
### #8.8.8# #######


You could see an adder.

Vanquished Creatures
  An adder (D:3)
  3 bats (D:3)
  A hobgoblin (D:1)
  2 goblins
  A rat (D:1)
8 creatures vanquished.

Notes
Turn   | Place    | Note
--------------------------------------------------------------
     0 | D:1      | Amnesiac, the Spriggan Artificer, began the quest for the Orb.
     0 | D:1      | Reached XP level 1. HP: 9/9 MP: 2/2
   267 | D:3      | Reached skill level 1 in Fighting
   272 | D:3      | Reached XP level 2. HP: 12/14 MP: 5/5
   448 | D:4      | Found Tomopo's Jewellery Boutique.
   470 | D:4      | Slain by an adder

Action                   || total
-------------------------++-------
Melee: Short sword       ||    30
Evoke: Wand              ||     3
  Use: Potion            ||     1
 Stab: Sleeping          ||     1
